 Dungeon Crawl Stone Soup version 0.28-a0-1128-gb845255321 (webtiles) character file.

Game seed: 13070019472487227910

44 Peloso the Covered (level 3, -1/33 HPs)
             Began as a Minotaur Fighter on Dec 12, 2021.
             Slain by an iguana (8 damage)
             ... on level 4 of the Dungeon.
             The game lasted 00:01:17 (1180 turns).

Peloso the Covered (Minotaur Fighter)               Turns: 1180, Time: 00:01:18

Health: -1/33      AC:  7    Str: 20    XL:     3   Next: 41%
Magic:  2/2        EV:  9    Int:  5    God:
Gold:   35         SH:  4    Dex: 11    Spells: 2/2 levels left

rFire   . . .      SeeInvis .   a - +0 long sword
rCold   . . .      Faith    .   c - +0 buckler
rNeg    . . .      Spirit   .   b - +0 scale mail
rPois   .          Reflect  .   (helmet restricted)
rElec   .          Harm     .   (no cloak)
rCorr   .          Rampage  .   (no gloves)
Will    .....                   (no boots)
Stlth   ..........              (no amulet)
HPRegen 0.11/turn               (no ring)
MPRegen 0.08/turn               (no ring)

@: no status effects
A: horns 2, retaliatory headbutt
a: no special abilities


You were on level 4 of the Dungeon.
You visited 1 branch of the dungeon, and saw 3 of its levels.

You collected 35 gold pieces.

Inventory:

Hand Weapons
 a - a +0 long sword (weapon)
Armour
 b - a +0 scale mail (worn)
 c - a +0 buckler (worn)
Jewellery
 h - a +4 ring of slaying
Wands
 k - a wand of flame (14)
Scrolls
 e - 3 scrolls of amnesia {unknown}
 f - a scroll of teleportation {unknown}
 g - a scroll of magic mapping {unknown}
 j - a scroll of fog {unknown}
Potions
 d - a potion of might
 i - a potion of resistance {unknown}


   Skills:
 + Level 3.8 Fighting
 + Level 2.8 Long Blades
 + Level 4.5 Armour
 + Level 0.2 Dodging
 + Level 4.2 Shields


You had 2 spell levels left.
You didn't know any spells.
Your spell library contained the following spells:

 Spells                   Type           Power      Damage    Failure   Level
 Dispersal                Tloc           0%         N/A       100%        6
 Disjunction              Tloc           0%         N/A       100%        8


Dungeon Overview and Level Annotations

Branches:
Dungeon (2/15)

Altars:


Innate Abilities, Weirdness & Mutations

You have a pair of horns on your head.
You reflexively headbutt those who attack you in melee.


Message History

A sudden malevolence fills the Dungeon...
You fall into a shaft and drop 2 floors!
The shaft crumbles and collapses.
An iguana, an adder and a goblin come into view.
The iguana hisses angrily.
The goblin shouts!
The adder hisses angrily.
Found a scroll labelled ZEC XORAIV.
You barely miss the adder. You block the adder's attack.
You barely miss the adder. You block the adder's attack.
The adder barely misses you.
You hit the adder.
The adder is moderately wounded.
The adder bites you. You block the goblin's attack.
The adder barely misses you.
You hit the adder. Your headbutt misses the adder.
The adder is heavily wounded.
The iguana bites you! The goblin hits you with a +0 dagger.
The adder barely misses you. The iguana bites you!
The goblin barely misses you.
You completely miss the adder.
The adder is heavily wounded.
You block the adder's attack. The iguana closely misses you.
You furiously retaliate!
You headbutt the iguana. The goblin hits you with a +0 dagger.
The adder barely misses you. You furiously retaliate!
You headbutt the adder.
You kill the adder!
You hit the iguana.
You headbutt the iguana, but do no damage.
The iguana is heavily wounded.
The iguana bites you.
* * * LOW HITPOINT WARNING * * *
The goblin hits you with a +0 dagger.
* * * LOW HITPOINT WARNING * * *
You completely miss the iguana. You headbutt the iguana.
The iguana is severely wounded.
You block the iguana's attack. You block the goblin's attack.
Unknown command.
You hit the iguana but do no damage.
The iguana is severely wounded.
The iguana bites you!
You die...

###### ##...#
#####
###...###.?.##
###...###....##
##.....##..#..#
#...#...#..##..
...###l.g.###..
...###.@..###..
...###...####..
# ########


You could see an iguana and a goblin.

Vanquished Creatures
  2 adders
  2 dart slugs
  An endoplasm (D:1)
  A giant cockroach (D:1)
  3 goblins
  A hobgoblin (D:2)
  3 kobolds
  A ball python (D:1)
  4 bats (D:1)
  4 frilled lizards
  2 rats (D:1)
24 creatures vanquished.

Notes
Turn   | Place    | Note
-------+----------+-------------------------------------------
     0 | D:1      | Peloso the Minotaur Fighter began the quest for the Orb.
     0 | D:1      | Reached XP level 1. HP: 19/19 MP: 0/0
   441 | D:1      | Reached XP level 2. HP: 27/27 MP: 1/1
   853 | D:1      | Found a faded altar of an unknown god.
  1130 | D:2      | Reached XP level 3. HP: 30/33 MP: 2/2
  1172 | D:2      | You fall into a shaft and drop 2 floors!
  1180 | D:4      | Slain by an iguana

Illustrated notes

Levels and vault maps discovered:
D:1:      heliophobic_arrival_henge, layout_basic, basic_ecumenical_altar
D:2:      minmay_diamond_boxcup, layout_rooms, hex_intersection
D:4:      layout_loops_ring, riverfiend_overflow_shadow_ancestor,
          gammafunk_ghost_stat_death, eino_curves_01, kennysheep_minor_cross,
          hangedman_glass_teeth, minivault_5

Skill      XL: |  1  2 |
---------------+-------+-----
Armour         | 4 |  4.5
Shields        | 4 |  4.2
Fighting       | |  3.8
Long Blades    | |  2.8
Dodging        | |  0.2

Action                   || total
-------------------------++-------
Melee: Long sword        ||    59
       Headbutt          ||     7
Armor: Scale mail        ||    31
Dodge: Dodged            ||    29
Block: Buckler           ||    19

Table legend: (Time is in decaauts)
 A = Elapsed time spent in this place.
 B = Non-inter-level travel time spent in this place.
 C = Inter-level travel time spent in this place.
 D = Time resting spent in this place.
 E = Time spent auto-exploring this place.
 F = Levels seen in this place.
 G = Mean time per level.
                   A        B        C        D        E       F      G
               +--------+--------+--------+--------+--------+-----+--------+
         Total |   1195 |   1130 |     65 |      0 |    936 |   3 |  398.3 |
       Dungeon |   1195 |   1130 |     65 |      0 |    936 |   3 |  398.3 |
               +--------+--------+--------+--------+--------+-----+--------+

Top non-repeatable levels by time:
     D:1: 1107 daAuts
     D:2: 77 daAuts
     D:4: 9 daAuts
